 Dungeon Crawl Stone Soup version 0.28.0-45-g0d030f2227 (webtiles) character file.

Game seed: 476898080004582416

489 raph the Chopper (level 7, -3/61 HPs)
             Began as a Hill Orc Cinder Acolyte on May 27, 2022.
             Was an Elder of Ignis.
             Succumbed to a kobold brigand's curare-tipped dart
             ... on level 4 of the Dungeon.
             The game lasted 00:05:46 (4767 turns).

raph the Chopper (Hill Orc Cinder Acolyte)          Turns: 4767, Time: 00:05:47

Health: -3/61      AC: 13    Str: 17    XL:     7   Next: 14%
Magic:  8/8        EV:  7    Int: 14    God:    Ignis [****..]
Gold:   192        SH:  0    Dex:  8    Spells: 6/8 levels left

rFire   + . .      SeeInvis +   a - -1 hand axe (flame)
rCold   . . .      Faith    .   (no shield)
rNeg    . . .      Spirit   .   k - +0 chain mail
rPois   .          Reflect  .   c - +0 helmet {SInv}
rElec   .          Harm     .   (no cloak)
rCorr   .          Rampage  .   (no gloves)
Will    .....                   (no boots)
Stlth   ..........              (no amulet)
HPRegen 0.20/turn               f - +4 ring of protection
MPRegen 0.11/turn               (no ring)

@: lethally poisoned (-3 -> -17)
A: no striking features
a: Renounce Religion, Fiery Armour, Foxfire Swarm, Rising Flame


You were on level 4 of the Dungeon.
You worshipped Ignis.
Ignis was greatly pleased with you.
You visited 1 branch of the dungeon, and saw 4 of its levels.

You collected 192 gold pieces.

Inventory:

Hand Weapons
 a - a -1 hand axe of flaming (weapon)
Missiles
 d - 5 boomerangs (quivered)
Armour
 b - a +1 robe
 c - a +0 helmet of see invisible (worn)
 e - a +0 tower shield
 k - a +0 chain mail (worn)
Jewellery
 f - a +4 ring of protection (left hand)
Potions
 g - a potion of cancellation
 h - 2 potions of attraction {unknown}
 i - a potion of invisibility
 j - a potion of lignification {unknown}
 l - 2 potions of berserk rage


   Skills:
 + Level 5.6 Fighting
 * Level 7.8 Axes
 + Level 2.6 Dodging
 - Level 1.1 Spellcasting
 - Level 3.3 Fire Magic


You had 6 spell levels left.
You knew the following spells:

 Your Spells              Type           Power      Damage    Failure   Level
a - Scorch                Fire           20%        2d6       87%         2

Your spell library contained the following spells:

 Spells                   Type           Power      Damage    Failure   Level
 Blink                    Tloc           0%         N/A       100%        2
 Lesser Beckoning         Tloc           0%         N/A       100%        3
 Petrify                  Tmut/Erth      0%         N/A       100%        4
 Manifold Assault         Tloc           0%         N/A       100%        5
 Metabolic Englaciation   Hex/Ice        0%         N/A       100%        5
 Statue Form              Tmut/Erth      0%         N/A       100%        6


Dungeon Overview and Level Annotations

Branches:
Dungeon (4/15)
 Temple: D:4-7

Altars:
Kikubaaqudgha
Makhleb


Message History

g - 2 dark potions
Found a stone staircase leading down.
There is an escape hatch in the ceiling here.
You see here 23 stones.
Found 14 stones.
l - 2 potions of berserk rage Your movement speed is average.
Your attack delay is about 0.9.
Found a ring mail.
A kobold brigand comes into view.
It is wielding a +0 dagger and quivering curare-tipped darts.
The kobold brigand shouts!
The kobold brigand throws a curare-tipped dart.
The curare-tipped dart hits you.
You are poisoned.
You have difficulty breathing.
You feel yourself slow down.
You feel very sick.
The kobold brigand throws a curare-tipped dart.
The curare-tipped dart hits you.
You are more poisoned.
You have difficulty breathing.
You feel as though you will be slow longer.
You feel extremely sick.
The kobold brigand throws a curare-tipped dart.
The curare-tipped dart hits you.
You are more poisoned.
You have difficulty breathing.
You feel as though you will be slow longer.
* * * LOW HITPOINT WARNING * * *
You feel extremely sick.
The kobold brigand hits you but does no damage. x2
You are too injured to fight recklessly!
You closely miss the kobold brigand.
* * * LOW HITPOINT WARNING * * *
You feel very sick.
The kobold brigand hits you with a +0 dagger.
* * * LOW HITPOINT WARNING * * *
It was a potion of cancellation.
Your magical effects are unravelling.
You feel magically purged.
You feel yourself speed up.
You die...

#.........(........#....#.###..
#)'########+......###.....####.
#)#....... #...............###<
#)#.+####+ #............##.....
#.#.# #............##...(.
#.#.# #...........##......
#.#.# #..[..^.............
#.#.# #....##.#(..........
#.#.+ #..@..###.......#... #.#
#..K### #......>.... #.+ +....
............ #.. .....##
............. ##....#
............. ......
.....#.....## ###.... ....#


You could see a kobold brigand.

Vanquished Creatures
  An ogre (D:4)
  4 wights (D:4)
  A jelly (D:4)
  A centaur zombie (D:3)
  An iguana (D:4)
  6 adders
  An adder skeleton (D:4)
  2 worms (D:2)
  4 dart slugs
  4 orcs
  6 endoplasms
  4 giant cockroaches
  7 goblins
  10 hobgoblins
  4 jackals (D:4)
  4 kobolds
  3 quokkas
  8 ball pythons
  6 bats
  4 frilled lizards
  6 rats
87 creatures vanquished.

Vanquished Creatures (others)
  32 foxfires (D:4)
32 creatures vanquished.

Grand Total: 119 creatures vanquished

Notes
Turn   | Place    | Note
-------+----------+-------------------------------------------
     0 | D:1      | raph the Hill Orc Cinder Acolyte began the quest for the
                  | Orb.
     0 | D:1      | Reached XP level 1. HP: 19/19 MP: 2/2
   544 | D:1      | Reached XP level 2. HP: 27/27 MP: 3/3
   580 | D:1      | Learned a level 2 spell: Scorch
   980 | D:1      | Found a faded altar of an unknown god.
  1753 | D:2      | Reached XP level 3. HP: 28/33 MP: 4/4
  1907 | D:2      | Reached skill level 5 in Axes
  1926 | D:2      | Identified the +6 short sword of Wariness {protect, Contam
                  | rF+ Will+ Stlth+}
  2354 | D:3      | Reached skill level 1 in Dodging
  2354 | D:3      | Reached XP level 4. HP: 35/40 MP: 5/5
  2673 | D:3      | Identified a scroll of acquirement
  2673 | D:3      | Acquired a +0 helmet of see invisible
  2809 | D:3      | Found an ancient bone altar of Kikubaaqudgha.
  2854 | D:3      | Reached skill level 6 in Axes
  2854 | D:3      | Reached XP level 5. HP: 32/47 MP: 6/6
  3697 | D:4      | Noticed an ogre
  3704 | D:4      | Killed an ogre
  3705 | D:4      | Reached skill level 5 in Fighting
  3705 | D:4      | Reached XP level 6. HP: 56/56 MP: 7/7
  3730 | D:4      | Found a burning altar of Makhleb.
  3794 | D:4      | Reached skill level 7 in Axes
  3826 | D:4      | Reached XP level 7. HP: 39/59 MP: 8/8
  4059 | D:4      | HP: 4/91 [adder skeleton (2)]
  4766 | D:4      | HP: 1/61 [kobold brigand/+0 dagger (5)]
  4767 | D:4      | Succumbed to a kobold brigand's curare-tipped dart

Illustrated notes

Levels and vault maps discovered:
D:1:      shiori_arrival_elements, layout_basic, ebering_ecumenical_altar_webs
D:2:      layout_rooms, minmay_pentomino_t2
D:3:      layout_loops_ring, mainiacjoe_overflow_surrounded_room
D:4:      layout_cave_pools, bloody_makhleb, minivault_11,
          kennysheep_generic_room_9

Skill      XL: |  1  2  3  4  5  6 |
---------------+-------------------+-----
Fighting       | 4 5 |  5.6
Axes           | 5 6 7 |  7.8
Dodging        | 1 2 |  2.6
Spellcasting   | |  1.1
Fire Magic     | |  3.3

Action                   |  1- 3 |  4- 6 |  7- 9 || total
-------------------------+-------+-------+-------++-------
Melee: Hand axe          |   149 |   119 |    46 ||   314
       Punch             |     3 |     2 |     1 ||     6
 Cast: Scorch            |     1 |       |       ||     1
Invok: Foxfire Swarm     |       |     2 |       ||     2
       Fiery Armour      |       |     2 |       ||     2
  Use: Scroll            |     4 |     3 |     3 ||    10
       Potion            |       |     3 |     2 ||     5
Armor: Robe              |    61 |    29 |       ||    90
       Chain mail        |       |    16 |    25 ||    41
Dodge: Dodged            |    77 |    68 |    15 ||   160
